 Dungeon Crawl Stone Soup version 0.31.0-1-g2c135a008e (webtiles) character file.

Game seed: 8145054286265502214

63 qw the Shooter (level 4, -3/35 HPs)
             Began as a Djinni Hunter on Jan 23, 2024.
             Slain by a gnoll
             ... wielding a +0 flail
              (8 damage)
             ... on level 2 of the Dungeon.
             The game lasted 00:00:04 (891 turns).

qw the Shooter (Djinni Hunter)                       Turns: 891, Time: 00:00:05

Health: -3/35      AC:  3    Str: 10    XL:     4   Next: 30%
Gold:   56         EV:  6    Int: 11    God:
                   SH:  0    Dex: 18

rFire   + + .        a - +1 shortbow
rCold   x . .        (shield currently unavailable)
rNeg    . . .        c - +0 leather armour
rPois   inf          (no helmet)
rElec   .            (no cloak)
rCorr   .            (no gloves)
SInv    .            (boots unavailable)
Will    .....        (no amulet)
Stlth   ++           (no ring)
HPRegen 0.25/turn    (no ring)
MPRegen 0.00/turn

%: infuse magic (-4 HP)
@: flying, held
A: sickness immunity, fire resistance 2, cold vulnerability 1, float, innate
caster, HP casting, extra vitality 1
a: no special abilities


You were on level 2 of the Dungeon.
You visited 1 branch of the dungeon, and saw 2 of its levels.

You collected 56 gold pieces.


Innate Abilities, Weirdness & Mutations

You are immune to sickness and miasma.
You are immune to poison.
Your flesh is very heat resistant. (rF++)
You are vulnerable to cold. (rC-)
You float through the air rather than walking.
You learn spells naturally, not from books.
Your magical power is your life essence.
You have superior vitality. (+4 MHP)


   Skills:
 - Level 3.0 Fighting
 - Level 4.0 Ranged Weapons
 + Level 2.5 Dodging
 - Level 0.7 Stealth


You knew the following spells:

 Your Spells              Type           Power      Damage    Failure   Level
a - Apportation           Tloc           0%         N/A       43%         1
Your spell library was empty.

Inventory:

Hand Weapons
 a - a +1 shortbow (weapon)
Armour
 b - a +0 helmet
 c - a +0 leather armour (worn)
Potions
 d - a potion of haste
 e - a potion of curing {unknown}
 f - a potion of might {unknown}

Dungeon Overview and Level Annotations

Branches:
Dungeon (2/15)

Altars:


Message History

The gnoll shouts!
The gnoll throws a throwing net.
The throwing net closely misses you.
A gnoll comes into view. It is wielding a +0 flail.
You see here a throwing net.
Enter note:
Enter note:
882 ||| RETREEEEATING.
You shoot an arrow. The arrow hits the gnoll.
The gnoll is moderately wounded.
The gnoll throws a throwing net.
The throwing net barely misses you.
You shoot an arrow. The arrow hits the gnoll!
The gnoll is almost dead.
You hear a shout! x2; You hear a bark!
You shoot an arrow. The arrow barely misses the gnoll.
You hear a shout!
The gnoll hits you but does no damage.
You shoot an arrow. The arrow hits the gnoll.
You kill the gnoll!
The gnoll closely misses you.
Your Fighting skill increases to level 3!
You have reached level 4!
You feel clever.
You shoot an arrow. The arrow hits the gnoll.
The gnoll is moderately wounded.
The gnoll hits you from afar with a +0 halberd!
The gnoll closely misses you. The gnoll misses you.
You shoot an arrow.
The arrow hits the gnoll but does no damage.
The gnoll closely misses you. The gnoll hits you with a +0 club.
You shoot an arrow. The arrow hits the gnoll!
The gnoll is severely wounded.
The gnoll hits you from afar with a +0 halberd.
The gnoll hits you with a +0 club.
You shoot an arrow. The arrow hits the gnoll!
You kill the gnoll!
The gnoll throws a throwing net.
The throwing net hits you.
You become entangled in the net!
You struggle against the net.
The gnoll hits you from afar with a +0 halberd!
The gnoll hits you with a +0 flail!
You die... #....... #. #.####.# ##.# #.# gg.

####)# #g. #))..#
#.. #)#### #.. #.#
..###..##### #.#
......gg@..# #.#
..########.# #.#
####.#########.##
###...............#
#........##.##.#..#
#.###(...##.##.#..#
#. #.............#
#....##.##.##.#
..............#.#


You could see 2 gnolls.

Vanquished Creatures
  Robin (D:2)
  2 gnolls (D:2)
  2 dart slugs (D:1)
  An endoplasm (D:1)
  A giant cockroach (D:1)
  10 goblins (D:2)
  4 hobgoblins
  A kobold (D:2)
  2 ball pythons (D:1)
  A bat (D:1)
  A frilled lizard (D:1)
  2 rats (D:1)
28 creatures vanquished.

Notes
Turn   | Place    | Note
-------+----------+-------------------------------------------
     0 | D:1      | qw the Djinni Hunter began the quest for the Orb.
     0 | D:1      | Reached XP level 1. HP: 18/18 MP: 0/0
     0 | D:1      | 0 ||| qw: Version: 0.3-a-135-gb77e89d
     0 | D:1      | 0 ||| qw: Game counter: 813
     0 | D:1      | 0 ||| qw: Melee chars always use a shield: true
     0 | D:1      | 0 ||| qw: God list: Okawaru
     0 | D:1      | 0 ||| qw: Allow faded altars: false
     0 | D:1      | 0 ||| qw: Do Orc after clearing Dungeon:15 true
     0 | D:1      | 0 ||| qw: Do second Lair branch before Depths: true
     0 | D:1      | 0 ||| qw: Lair rune preference: random
     0 | D:1      | 0 ||| qw: Goals: Normal
     0 | D:1      | 0 ||| PLANNING D:1-11
   157 | D:1      | Reached XP level 2. HP: 23/23 MP: 0/0
   585 | D:1      | 585 ||| READING scroll labelled IZXAGIW XITZAYDUKH.
   585 | D:1      | 585 ||| ENCHANTING +0 shortbow.
   586 | D:1      | 586 ||| READING scroll labelled HOAT HEUMEH.
   586 | D:1      | 586 ||| IDENTIFYING bubbling blue potion
   587 | D:1      | 587 ||| DROPPING scroll of butterflies.
   740 | D:2      | Reached XP level 3. HP: 28/28 MP: 0/0
   740 | D:2      | Learned a level 1 spell: Apportation
   761 | D:2      | Noticed Robin
   764 | D:2      | 764 ||| RETREEEEATING.
   767 | D:2      | Reached skill level 4 in Ranged Weapons
   775 | D:2      | Killed Robin
   788 | D:2      | 788 ||| FLEEEEING.
   789 | D:2      | 789 ||| FLEEEEING.
   790 | D:2      | 790 ||| FLEEEEING.
   791 | D:2      | 791 ||| FLEEEEING.
   792 | D:2      | 792 ||| FLEEEEING.
   793 | D:2      | 793 ||| FLEEEEING.
   794 | D:2      | 794 ||| FLEEEEING.
   795 | D:2      | 795 ||| FLEEEEING.
   796 | D:2      | 796 ||| FLEEEEING.
   797 | D:2      | 797 ||| FLEEEEING.
   798 | D:2      | 798 ||| FLEEEEING.
   799 | D:2      | 799 ||| FLEEEEING.
   800 | D:2      | 800 ||| STAIRDANCE
   882 | D:2      | 882 ||| RETREEEEATING.
   887 | D:2      | Reached skill level 3 in Fighting
   887 | D:2      | Reached XP level 4. HP: 35/35 MP: 0/0
   891 | D:2      | HP: 5/35 [gnoll/+0 halberd (10)]
   891 | D:2      | Slain by a gnoll

Levels and vault maps discovered:
D:1:      spicycebolla_green_bress_n_ham_2, layout_basic,
          dreamdust_princess_corridor
D:2:      layout_loops_ring, minmay_split_cup_small, uniq_robin

Skill      XL: |  1  2  3 |
---------------+----------+-----
Ranged Weapons | 4 |  4.0
Fighting       | 3 |  3.0
Dodging        | |  2.5
Stealth        | |  0.7

Action                     |  1- 3 |  4- 6 || total
---------------------------+-------+-------++-------
   Fire: Shortbow          |    69 |     4 ||    73
    Use: Scroll            |     2 |       ||     2
 Armour: Leather armour    |    26 |     6 ||    32
  Dodge: Dodged            |    31 |     3 ||    34

Table legend:
 A = Non-vault XP
 B = Vault XP
 C = Vault XP percentage of total XP
 D = Non-vault monster count
 E = Vault monster count
 F = Vault count percentage of total count
                 A         B        C        D         E       F
            +---------+---------+-------+---------+---------+-------
      Total |      56 |      34 |  37.8 |      17 |      11 |  39.3
            +---------+---------+-------+---------+---------+-------
        D:1 |      23 |       0 |   0.0 |      12 |       0 |   0.0
        D:2 |      33 |      34 |  50.7 |       5 |      11 |  68.8
            +---------+---------+-------+---------+---------+-------
